 Dungeon Crawl Stone Soup version 0.31-a0-1074-g0b22e4e0f1 (webtiles) character file.

Game seed: 9443839765977467651

188 lunkers the Insei (level 6, -2/47 HPs)
             Began as a Meteoran Shapeshifter on Nov 29, 2023.
             Slain by a gnoll
             ... wielding a +0 whip
              (6 damage)
             ... on level 4 of the Dungeon.
             The game lasted 00:03:08 (1061 turns).

lunkers the Insei (Meteoran Shapeshifter)           Turns: 1061, Time: 00:03:09

Health: -2/47      AC:  6    Str: 15    XL:     6   Next: 20%
Magic:  7/7        EV: 10    Int: 13    God:
Gold:   153        SH:  0    Dex: 15    Spells: 5/5 levels left

rFire   + .          .
                       - Unarmed
rCold   . . .        (no shield)
rNeg    . . .        i - +0 scale mail
rPois   .            (helmet currently unavailable)
rElec   .            (cloak currently unavailable)
rCorr   .            (gloves currently unavailable)
SInv    .            (boots currently unavailable)
Will    .....        (no amulet) Stlth
                     j - ring of protection from fire
HPRegen 0.27/turn    (no ring)
MPRegen 0.10/turn

%: no passive effects
@: beast-form, glowing
A: beast (slay +2), sense surroundings 1, otherworldly, glowing, explore regen
a: Begin Untransformation


You were on level 4 of the Dungeon.
You were a hulking beast.
You visited 1 branch of the dungeon, and saw 4 of its levels.

You collected 153 gold pieces.

Inventory:

Hand Weapons
 l - a +2 mace of freezing
Armour
 a - a +0 animal skin
 f - a +0 helmet
 i - a +0 scale mail (worn)
 o - a +0 cloak
 p - a +0 helmet
Jewellery
 j - a ring of protection from fire (left hand)
Talismans
 c - a beast talisman
 d - a flux talisman
Scrolls
 g - a scroll of amnesia
 h - 2 scrolls of teleportation
Potions
 b - a potion of curing {unknown}
 e - a potion of enlightenment {unknown}
 n - a potion of heal wounds {unknown}


   Skills:
 - Level 1.1 Fighting
 - Level 2.1 Dodging
 * Level 6.4 Unarmed Combat
 + Level 5.0 Shapeshifting


You had 5 spell levels left.
You didn't know any spells.
Your spell library contained the following spells:

 Spells                   Type           Power      Damage    Failure   Level
 Freeze                   Ice            0%         1d3       78%         1
 Blink                    Tloc           0%         N/A       89%         2
 Lesser Beckoning         Tloc           0%         N/A       89%         2
 Momentum Strike          Conj/Tloc      0%         3d8       89%         2
 Wereblood                Tmut           0%         N/A       89%         2
 Frozen Ramparts          Ice            0%         1d1       98%         3
 Hailstorm                Conj/Ice       0%         3d3       98%         3
 Irradiate                Conj/Tmut      0%         3d11      100%        5


Dungeon Overview and Level Annotations

Branches:
Dungeon (4/15) Zot: 1352   Temple (0/1) D:4

Altars:
Hepliaklqana

Shops:
D:3 =


Innate Abilities, Weirdness & Mutations

You are a hulking beast.
Your limbs bulge with bestial killing power. (Slay +2)
You passively map a small area around you.
You are easily found by Zot.
You glow in the dark.
You regain HP and MP as you explore.


Message History

The orc closely misses you.
You punch the orc!
You kill the orc!
The orc hits you but does no damage.
You completely miss the orc.
The orc is heavily wounded.
The gnoll closely misses you. The orc barely misses you.
Unknown command.
You hit the gnoll.
The gnoll is heavily wounded.
The gnoll hits you but does no damage. The gnoll completely misses you.
The orc hits you but does no damage.
You barely miss the orc.
The orc is heavily wounded.
The gnoll misses you. The gnoll completely misses you.
The orc hits you with a +0 dagger.
* * * LOW HITPOINT WARNING * * *
You punch the orc!
You kill the orc!
The gnoll barely misses you. The gnoll hits you with a +0 whip.
* * * LOW HITPOINT WARNING * * *
You hit the gnoll.
The gnoll is severely wounded.
You hit the gnoll.
The gnoll is almost dead.
The gnoll hits you with a +0 flail.
* * * LOW HITPOINT WARNING * * *
The gnoll hits you with a +0 whip.
* * * LOW HITPOINT WARNING * * *
The orc priest begins to cast a cantrip, but forgets the words!
You punch the gnoll!
You kill the gnoll!
The gnoll closely misses you.
The orc priest looks encouraged for a moment.
Your Shapeshifting skill increases to level 5!
Unknown command.
You hit the orc priest.
The orc priest is lightly wounded.
The gnoll hits you with a +0 whip.
You die...

##....###...#
##..........# ,,
##..........#
##...........#
##...........# ,
###.........†..#
.#...<....).)...##
........g...)....#
,........)h........#
*
........o####.......#
.......)## #.........
........# #....#####
......... #...##
........., ...##
.........., ...#
.....##### ....# ** *


You could see an orc priest and a gnoll.

Vanquished Creatures
  An orc priest (D:4)
  A jelly (D:4)
  Terence (D:2)
  2 gnolls (D:4)
  2 adders
  3 worms
  2 dart slugs (D:2)
  6 orcs (D:4)
  3 ball pythons (D:4)
  2 bats
  6 endoplasms
  A giant cockroach (D:1)
  2 goblins (D:2)
  7 hobgoblins
  3 jackals (D:4)
  3 kobolds
  A quokka (D:1)
  2 frilled lizards
  A rat (D:1)
49 creatures vanquished.

Notes
Turn   | Place    | Note
-------+----------+-------------------------------------------
     0 | D:1      | lunkers the Meteoran Shapeshifter began the quest for the
                  | Orb.
     0 | D:1      | Reached XP level 1. HP: 16/16 MP: 2/2
   103 | D:1      | Reached XP level 2. HP: 19/23 MP: 3/3
   106 | D:1      | Reached skill level 4 in Unarmed Combat
   386 | D:2      | Reached XP level 3. HP: 27/28 MP: 4/4
   397 | D:2      | Noticed Terence
   408 | D:2      | Killed Terence
   409 | D:2      | Reached skill level 5 in Unarmed Combat
   409 | D:2      | Reached XP level 4. HP: 21/35 MP: 5/5
   566 | D:3      | Found Nehaxusm's Jewellery Shoppe.
   826 | D:4      | Reached XP level 5. HP: 33/40 MP: 6/6
  1002 | D:4      | Found a hazy altar of Hepliaklqana.
  1038 | D:4      | Reached skill level 6 in Unarmed Combat
  1043 | D:4      | Reached XP level 6. HP: 27/47 MP: 7/7
  1061 | D:4      | Reached skill level 5 in Shapeshifting
  1061 | D:4      | Slain by a gnoll

Illustrated notes

Levels and vault maps discovered:
D:1:      lightli_arrival_statuegarden, layout_basic, minmay_stone_trees_small,
          chequers_serial_rivers_micro_e
D:2:      layout_rooms, uniq_terence, uniq_sigmund
D:3:      layout_basic, serial_shops, shop, hangedman_abyss_or_decor_stabs
D:4:      layout_layer_cave, kennysheep_mini, nicolae_overflow_hidden_temple,
          minmay_temple_entry_wispy

Skill      XL: |  1  2  3  4  5  6 |
---------------+-------------------+-----
Unarmed Combat | 4 5 6 |  6.4
Shapeshifting  | 4 5 |  5.0
Fighting       | |  1.1
Dodging        | |  2.1

Action                     |  1- 3 |  4- 6 || total
---------------------------+-------+-------++-------
  Melee: Unarmed           |    36 |    95 ||   131
         Punch             |     1 |     4 ||     5
    Use: Potion            |     1 |       ||     1
         Scroll            |       |     5 ||     5
 Armour: Animal skin       |     8 |       ||     8
         Scale mail        |    12 |    61 ||    73
         Skin              |    16 |    27 ||    43
  Dodge: Dodged            |    14 |    34 ||    48

Table legend: (Time is in decaauts)
 A = Elapsed time spent in this place.
 B = Non-inter-level travel time spent in this place.
 C = Inter-level travel time spent in this place.
 D = Time resting spent in this place.
 E = Time spent auto-exploring this place.
 F = Levels seen in this place.
 G = Mean time per level.
                   A        B        C        D        E       F      G
               +--------+--------+--------+--------+--------+-----+--------+
         Total |   1047 |   1047 |      0 |      9 |    664 |   4 |  261.8 |
       Dungeon |   1047 |   1047 |      0 |      9 |    664 |   4 |  261.8 |
               +--------+--------+--------+--------+--------+-----+--------+

Top non-repeatable levels by time:
     D:1: 358 daAuts
     D:3: 266 daAuts
     D:4: 239 daAuts
     D:2: 182 daAuts
